 Dungeon Crawl Stone Soup version 0.22.0 (webtiles) character file.

1150 Morrissey the Transmogrifier (level 8, 0/67 HPs)
             Began as a Merfolk Transmuter on Aug 12, 2018.
             Was a Follower of Makhleb.
             Slain by an orc warrior
             ... wielding a +0 mace
              (9 damage)
             ... on level 6 of the Dungeon.
             The game lasted 00:14:50 (6413 turns).

Morrissey the Transmogrifier (Merfolk Transmuter)   Turns: 6413, Time: 00:14:51

Health: 0/67       AC:  6    Str: 11    XL:     8   Next: 38%
Magic:  8/11       EV: 13    Int: 14    God:    Makhleb [*.....]
Gold:   211        SH:  0    Dex: 14    Spells: 3/11 levels left

rFire    x . .     SeeInvis .     - Unarmed
rCold    + + +     Gourm    .   (shield currently unavailable)
rNeg     . . .     Faith    .   (armour currently unavailable)
rPois    +         Spirit   .   (helmet currently unavailable)
rElec    .         Reflect  .   (cloak currently unavailable)
rCorr    .         Harm     .   (gloves currently unavailable)
MR       .....                  (boots currently unavailable)
Stlth    +.........             p - amulet of the acrobat
HPRegen  0.21/turn              (no ring)
MPRegen  0.12/turn              (no ring)

@: ice-form
A: large, (change form in water), (swift swim), (stealthy swim)
a: End Transformation, Renounce Religion


You were on level 6 of the Dungeon.
You worshipped Makhleb.
Makhleb was aware of your devotion.
You were not hungry.
You were a creature of crystalline ice.
You visited 2 branches of the dungeon, and saw 7 of its levels.

You collected 211 gold pieces.

Inventory:

Missiles
 a - 138 arrows
Armour
 y - a +0 robe (melded)
Magical Staves
 b - an uncursed staff of energy (melded)
Jewellery
 p - an amulet of the acrobat (around neck)
 x - an uncursed ring of ice
 z - a cursed amulet of inaccuracy {unknown}
Wands
 n - a wand of disintegration (23)
 s - a wand of enslavement (22)
 t - a wand of flame (28)
Scrolls
 c - a scroll of magic mapping {unknown}
 e - 4 scrolls of enchant armour {unknown}
 f - 2 scrolls of teleportation {unknown}
 g - 5 scrolls of identify {unknown}
 k - 2 scrolls of blinking {unknown}
 o - 3 scrolls of fog {unknown}
 q - 4 scrolls of remove curse {unknown}
Potions
 h - a potion of flight {unknown}
 i - 2 potions of curing {unknown}
 j - a potion of haste
 l - a potion of berserk rage {unknown}
 m - 2 potions of resistance {unknown}
 r - 2 potions of brilliance {unknown}
 u - 2 potions of invisibility {unknown}
 v - 3 potions of agility {unknown}
 w - a potion of magic {unknown}
Comestibles
 d - 6 rations


   Skills:
 - Level 2.3 Fighting
 + Level 5.9 Dodging
 + Level 5.5 Unarmed Combat
 + Level 2.1 Spellcasting
 + Level 8.0 Transmutations
 - Level 4.3 Ice Magic
 - Level 2.0 Poison Magic


You had 3 spell levels left.
You knew the following spells:

 Your Spells              Type           Power        Failure   Level  Hunger
a - Beastly Appendage     Tmut           ###...       1%          1    #......
b - Spider Form           Tmut/Pois      ###.......   9%          3    ###....
c - Ice Form              Ice/Tmut       ###.....     19%         4    #####..

Your spell library contained the following spells:

 Spells                   Type           Power        Failure   Level  Hunger
 Magic Dart               Conj           #...         24%         1    #......
 Apportation              Tloc           #.....       24%         1    #......
 Confuse                  Hex            #.......     56%         3    ###....
 Summon Small Mammal      Summ           #...         24%         1    #......
 Iskenderun's Mystic Bla  Conj           #.......     93%         4    #####..
 Animate Skeleton         Necr           N/A          24%         1    #......
 Blade Hands              Tmut           ###.......   24%         5    ######.
 Confusing Touch          Hex            #.....       24%         1    #......
 Sticks to Snakes         Tmut           ###.....     1%          2    ###....
 Metabolic Englaciation   Hex/Ice        #.........   95%         5    ######.
 Corona                   Hex            #......      24%         1    #......
 Petrify                  Tmut/Erth      ##......     41%         4    #####..
 Fulminant Prism          Conj/Hex       #.........   93%         4    #####..
 Dazzling Spray           Conj/Hex       #.....       56%         3    ###....
 Force Lance              Conj/Tloc      #.......     93%         4    #####..
 Searing Ray              Conj           #.....       34%         2    ###....
 Gell's Gravitas          Tloc           #.........   56%         3    ###....
 Yara's Violent Unravell  Hex/Tmut       ##........   77%         5    ######.


Dungeon Overview and Level Annotations

Branches:
Dungeon (6/15)             Temple (1/1) D:4

Altars:
Cheibriados
Dithmenos
Elyvilon
Gozag
Hepliaklqana
Kikubaaqudgha
Makhleb
Nemelex Xobeh
Okawaru
Qazlal
Ru
Sif Muna
Trog
Uskayaw
Vehumet
Wu Jian
Xom
Yredelemnul
Zin


Message History

An orc comes into view. It is wielding a short sword of speed.
You closely miss the orc warrior. The orc warrior completely misses you.
The orc shouts!
You hit the orc warrior. You freeze the orc warrior.
The orc warrior is moderately wounded.
The orc warrior hits you with a mace!!
You hit the orc warrior. You freeze the orc warrior.
The orc warrior is heavily wounded.
The orc warrior hits you with a mace!!
* * * LOW HITPOINT WARNING * * *
You hit the orc warrior. You freeze the orc warrior.
The orc warrior is heavily wounded.
You hit the orc warrior but do no damage.
The orc warrior is heavily wounded.
The orc warrior hits you with a mace!
* * * LOW HITPOINT WARNING * * *
You hit the orc warrior. You freeze the orc warrior.
The orc warrior is severely wounded.
The orc warrior hits you with a mace!
You die...

#######.....#.##
#..............#
# ##....>##.#..#
#. #.#......#..#
#.##.#.######..#
#....#.# ..#
#....#
########.####
.$..oooY...#
########.#.#
#...# #####


You could see an orc warrior and 2 orcs.

Vanquished Creatures
  Sigmund (D:5)
  Duvessa (D:5)
  4 ogres
  A centaur (D:5)
  Dowan (D:5)
  3 crimson imps
  2 orc priests
  A hound (D:5)
  2 orc wizards
  3 worker ants
  3 adders
  2 shadow imps (D:5)
  3 oozes
  A worm (D:2)
  5 leopard geckos
  9 orcs
  4 bats
  3 giant cockroaches
  2 goblins
  2 hobgoblins
  2 jackals (D:2)
  3 kobolds
  2 quokkas
  3 frilled lizards
  A leopard gecko skeleton (D:6)
  A quokka skeleton (D:5)
  9 rats
74 creatures vanquished.

Vanquished Creatures (others)
  An orc wizard (D:5)
1 creature vanquished.

Grand Total: 75 creatures vanquished

Notes
Turn   | Place    | Note
-------+----------+-------------------------------------------
     0 | D:1      | Morrissey the Merfolk Transmuter began the quest for the Orb.
     0 | D:1      | Reached XP level 1. HP: 15/15 MP: 3/3
    88 | D:1      | Reached skill level 3 in Transmutations
   108 | D:1      | Reached XP level 2. HP: 20/21 MP: 3/5
  1137 | D:2      | Reached XP level 3. HP: 25/26 MP: 4/6
  1152 | D:2      | Learned a level 3 spell: Spider Form
  2058 | D:3      | Reached skill level 4 in Transmutations
  2058 | D:3      | Reached XP level 4. HP: 33/33 MP: 2/7
  2324 | D:3      | Reached skill level 1 in Poison Magic
  2384 | D:3      | Found an ornate altar of the Wu Jian Council.
  2627 | D:3      | Reached XP level 5. HP: 38/38 MP: 4/8
  2650 | D:3      | Learned a level 4 spell: Ice Form
  3396 | D:4      | Noticed an ogre
  3410 | D:4      | Killed an ogre
  3410 | D:4      | Reached skill level 5 in Transmutations
  3410 | D:4      | Reached XP level 6. HP: 44/44 MP: 5/9
  3672 | D:4      | Found a staircase to the Ecumenical Temple.
  3685 | D:4      | Reached skill level 1 in Ice Magic
  3692 | Temple   | Entered the Ecumenical Temple
  4128 | Temple   | Became a worshipper of Makhleb the Destroyer
  5016 | D:5      | Entered Level 5 of the Dungeon
  5067 | D:5      | Found a deep blue altar of Sif Muna.
  5084 | D:5      | Reached skill level 6 in Transmutations
  5085 | D:5      | Identified Sif Muna's Grimoire of Bewitchment
  5123 | D:5      | Reached XP level 7. HP: 19/50 MP: 6/10
  5331 | D:5      | Noticed Dowan
  5335 | D:5      | Noticed Duvessa
  5356 | D:5      | Killed Duvessa
  5356 | D:5      | Reached skill level 5 in Dodging
  5369 | D:5      | Killed Dowan
  5369 | D:5      | Reached skill level 5 in Unarmed Combat
  5520 | D:5      | Found a shadowy altar of Dithmenos.
  5605 | D:5      | Reached skill level 7 in Transmutations
  5782 | D:5      | Reached XP level 8. HP: 49/56 MP: 7/11
  5871 | D:5      | Found a shimmering altar of Xom.
  6162 | D:5      | Noticed Sigmund
  6169 | D:5      | Killed Sigmund
  6404 | D:6      | Reached * piety under Makhleb
  6404 | D:6      | Reached skill level 8 in Transmutations
  6413 | D:6      | Slain by an orc warrior

Skill      XL: |  1  2  3  4  5  6  7  8 |
---------------+-------------------------+-----
Transmutations | 3 4 5 6 7 8 |  8.0
Dodging        | 3 4 5 |  5.9
Fighting       | 2 |  2.3
Poison Magic   | 1 2 |  2.0
Unarmed Combat | 4 5 |  5.5
Ice Magic      | 2 3 4 |  4.3
Spellcasting   | |  2.1

Action                   |  1- 3 |  4- 6 |  7- 9 || total
-------------------------+-------+-------+-------++-------
Melee: Unarmed           |    81 |   105 |    82 ||   268
       Headbutt          |    11 |     5 |       ||    16
       Punch             |       |     2 |     1 ||     3
 Cast: Beastly Appendage |    17 |     5 |       ||    22
       Spider Form       |     5 |    10 |     8 ||    23
       Ice Form          |       |     1 |     5 ||     6
 Abil: End Transformatio |       |     7 |     7 ||    14
 Stab: Sleeping          |     1 |       |     1 ||     2
  Eat: Chunk             |     5 |     6 |     3 ||    14
       Ration            |       |     2 |     1 ||     3
Armor: Robe              |    15 |     7 |       ||    22
       Skin              |     1 |     3 |     5 ||     9
Dodge: Dodged            |    69 |    80 |    63 ||   212
